 Dungeon Crawl Stone Soup version 0.28.0-53-g5a82cb258f (webtiles) character file.

Game seed: 15526906698995877640

3111 issech the Protected (level 9, -10/81 HPs)
             Began as a Minotaur Monk on June 17, 2022.
             Mangled by a kobold brigand
             ... wielding a +1 rapier of distortion
              (17 damage)
             ... on level 7 of the Dungeon.
             The game lasted 00:23:16 (7936 turns).

issech the Protected (Minotaur Monk)                Turns: 7936, Time: 00:23:18

Health: -10/81     AC: 16    Str: 22    XL:     9   Next: 60%
Magic:  8/8        EV: 10    Int:  7    God:
Gold:   397        SH:  0    Dex: 23    Spells: 8/8 levels left

rFire   . . .      SeeInvis +   O - +4 trident (flame)
rCold   . . .      Faith    .   (no shield)
rNeg    . . .      Spirit   .   B - +0 plate armour
rPois   .          Reflect  .   M - +0 hat of the Moon {SInv}
rElec   .          Harm     .   v - +0 cloak
rCorr   .          Rampage  .   c - +0 pair of gloves
Will    .....                   (no boots)
Stlth   ..........              (no amulet)
HPRegen 0.23/turn               g - +6 ring of dexterity
MPRegen 0.11/turn               r - +6 ring of strength

@: lethally poisoned (-10 -> -15), slowed, very slow
A: horns 2, retaliatory headbutt
a: no special abilities


You were on level 7 of the Dungeon.
You visited 2 branches of the dungeon, and saw 8 of its levels.

You collected 397 gold pieces.

Inventory:

Hand Weapons
 a - a +2 hand crossbow of flaming
 j - a +1 hand axe of electrocution
 x - a +0 hunting sling
 C - a +1 mace of draining
 D - a +2 whip of freezing
 O - a +4 trident of flaming (weapon)
 P - a +0 arbalest
 R - a +2 dagger of electrocution
 U - a +1 vampiric spear
 X - a +2 rapier of speed
Missiles
 b - 53 arrows
 d - 146 stones (quivered)
 f - 67 bolts
 n - 8 boomerangs
 z - 7 curare-tipped darts
 G - 56 sling bullets
 J - 4 atropa-tipped darts
 Q - 6 javelins
 Y - 2 poisoned darts
Armour
 c - a +0 pair of gloves (worn)
 v - a +0 cloak (worn)
 A - the +0 cloak of Beyond {rF+ Int+2 Slay-6}
   (You found it on level 3 of the Dungeon)

   Int:       It affects your intelligence (+2).
   Slay:      It affects your accuracy & damage with ranged weapons and melee
   (-6).
   rF:        It protects you from fire.
 B - a +0 plate armour (worn)
 E - a +0 scale mail of poison resistance
 F - a +0 chain mail
 M - the +0 hat of the Moon (worn) {SInv}
   (You found it on level 5 of the Dungeon)

   SInv:      It lets you see invisible.
Jewellery
 g - a +6 ring of dexterity (left hand)
 r - a +6 ring of strength (right hand)
 H - a +6 ring of intelligence
Wands
 y - a wand of flame (50)
Scrolls
 e - a scroll of enchant armour {unknown}
 h - 3 scrolls of fog
 k - 2 scrolls of fear
 o - a scroll of amnesia
 p - 2 scrolls of teleportation {unknown}
 s - 5 scrolls of magic mapping {unknown}
 t - a scroll of blinking {unknown}
 w - 2 scrolls of identify
 K - a scroll of acquirement {unknown}
 W - a scroll of vulnerability {unknown}
Potions
 i - 5 potions of curing {unknown}
 l - 3 potions of attraction {unknown}
 m - a potion of heal wounds {unknown}
 q - 3 potions of haste {unknown}
 u - a potion of brilliance
 I - 2 potions of might {unknown}
 L - a potion of ambrosia {unknown}
 N - a potion of berserk rage {unknown}
 T - 2 potions of degeneration {unknown}
 V - 2 potions of flight {unknown}


   Skills:
 + Level 7.8 Fighting
 + Level 8.2(8.3) Axes
 + Level 1.5(5.4) Polearms
 + Level 6.4 Crossbows
 + Level 0.6 Throwing
 + Level 8.3 Armour
 + Level 5.5 Dodging
 + Level 2.6 Stealth


You had 8 spell levels left.
You didn't know any spells.
Your spell library contained the following spells:

 Spells                   Type           Power      Damage    Failure   Level
 Blink                    Tloc           0%         N/A       100%        2
 Confusing Touch          Hex            0%         N/A       100%        3
 Manifold Assault         Tloc           0%         N/A       100%        5
 Yara's Violent Unravell  Hex/Tmut       0%         3d3       100%        5
 Enfeeble                 Hex            0%         N/A       100%        7
 Storm Form               Tmut/Air       0%         N/A       100%        7


Dungeon Overview and Level Annotations

Branches:
Dungeon (7/15)             Temple (1/1) D:7

Altars:
Ashenzari
Cheibriados
Dithmenos
Elyvilon
Fedhas
Kikubaaqudgha
Nemelex Xobeh
Qazlal
Ru
Sif Muna
Trog
Uskayaw
Wu Jian
Xom
Yredelemnul
Zin
The Shining One
Lugonu

Shops:
D:1 *   D:4 :   D:6 (   D:7 ?

Portals:
Abyss: D:7

Annotations:
D:4 2 transporters, MiltankisOP's ghost, amateur MfMo


Innate Abilities, Weirdness & Mutations

You have a pair of horns on your head.
You reflexively headbutt those who attack you in melee.


Message History

You reach to attack!
You closely miss the kobold brigand.
The kobold brigand is lightly wounded.
You feel sick.
You puncture the kobold brigand! You burn the kobold brigand.
The kobold brigand is severely wounded.
You feel sick.
The kobold brigand hits you but does no damage.
You blink.
You feel sick.
Things that are here:
a +0 mace; a +0 leather armour You hit the kobold brigand.
You burn the kobold brigand.
The kobold brigand is almost dead.
You feel sick.
You are no longer poisoned.
The kobold brigand hits you with a +2 short sword of distortion.
You blink.
Reach: O) +4 trident (flame)
Press: ? - help, Dir - move target, f/p - kobold brigand
Aim: a kobold brigand, wielding a +2 short sword of distortion and quivering curare-tipped darts (almost dead, about 35% to evade your +4 trident of flaming)
You reach to attack!
You puncture the kobold brigand! You burn the kobold brigand.
You kill the kobold brigand!
The kobold brigand throws a curare-tipped dart.
The curare-tipped dart closely misses you.
The kobold brigand throws a curare-tipped dart.
The curare-tipped dart hits you.
You are poisoned.
You have difficulty breathing.
* * * LOW HITPOINT WARNING * * *
You feel as though you will be slow longer.
You feel very sick.
You hit the kobold brigand. You burn the kobold brigand.
The kobold brigand is lightly wounded.
You feel sick.
The kobold brigand completely misses you.
The kobold brigand hits you with a +1 rapier of distortion.
* * * LOW HITPOINT WARNING * * *
Space warps horribly around you!
You die...

....# ###.#...#.......# ###.#
#...'..(#.#####.# #
#.########.#.#...#.#.....#
###.......#........#.#.#######
...........)))..............>#
.#####.##.#<)#''##...#########
.#####.##.####.)######
.)#....##.####§...##
#.#.<..##.#....K@§.#
#.#.......##..._§§.#
..#....####.#.§§§.§.# .......#
######.§### .......# ##§##
#......## ##§§§## ###.....#
#..∩..# ..###...# #.K.#
......#.# #####


You could see a kobold brigand.

Vanquished Creatures
  Pikel (D:7)
  Joseph (D:7)
  Sigmund (D:6)
  A steam dragon (D:7)
  A vampire mosquito (D:6)
  Duvessa (D:5)
  2 orc warriors (D:7)
  Pargi (D:3)
  A sky beast (D:6)
  A black bear (D:5)
  An ice beast (D:6)
  A necrophage (D:5)
  An ogre (D:6)
  4 lemures (D:7)
  A phantom (D:6)
  Blork the orc (D:5)
  A kobold brigand (D:7)
  A scorpion (D:3)
  A gnoll sergeant (D:5)
  Dowan (D:5)
  3 howler monkeys
  A centaur zombie (D:7)
  3 hounds
  An orc priest (D:7)
  Crazy Yiuf (D:2)
  A bullfrog skeleton (D:4)
  An iguana (D:6)
  2 orc wizards
  Natasha (thrice) (D:2)
  A killer bee zombie (D:6)
  2 hound skeletons
  A howler monkey zombie (D:6)
  3 gnolls (D:5)
  2 adders
  A shadow imp (D:6)
  2 white imps
  3 worms
  2 dart slugs (D:3)
  11 orcs
  An endoplasm (D:1)
  12 goblins
  5 hobgoblins
  6 jackals (D:3)
  A quokka (D:5)
  5 ball pythons
  6 bats
  A frilled lizard (D:1)
  8 kobolds
  4 rats
117 creatures vanquished.

Vanquished Creatures (others)
  4 fungi (D:2)
  4 plants (D:5)
8 creatures vanquished.

Grand Total: 125 creatures vanquished

Notes
Turn   | Place    | Note
-------+----------+-------------------------------------------
     0 | D:1      | issech the Minotaur Monk began the quest for the Orb.
     0 | D:1      | Reached XP level 1. HP: 19/19 MP: 0/0
    54 | D:1      | Found Coutav's General Store.
   628 | D:1      | Reached XP level 2. HP: 27/27 MP: 1/1
  1148 | D:2      | Noticed Natasha
  1153 | D:2      | Killed Natasha
  1154 | D:2      | Reached XP level 3. HP: 21/33 MP: 2/2
  1416 | D:2      | Noticed Natasha
  1424 | D:2      | Killed Natasha
  1425 | D:2      | Reached XP level 4. HP: 37/41 MP: 3/3
  1648 | D:2      | Noticed Natasha
  1655 | D:2      | Killed Natasha
  1656 | D:2      | Reached skill level 1 in Armour
  1665 | D:2      | Found a runed translucent door.
  1666 | D:2      | Noticed Crazy Yiuf
  1671 | D:2      | Killed Crazy Yiuf
  1672 | D:2      | Reached skill level 5 in Axes
  1904 | D:3      | Reached XP level 5. HP: 47/47 MP: 4/4
  2053 | D:3      | Noticed Pargi
  2066 | D:3      | Killed Pargi
  2067 | D:3      | Reached skill level 5 in Fighting
  2067 | D:3      | Reached XP level 6. HP: 12/56 MP: 5/5
  2602 | D:3      | Found a shadowy altar of Dithmenos.
  2632 | D:3      | Identified the +0 cloak of Beyond {rF+ Int+2 Slay-6}
  2878 | D:4      | You fall into a shaft and drop 2 floors!
  3094 | D:5      | Entered Level 5 of the Dungeon
  3114 | D:5      | Noticed an ice beast
  3121 | D:5      | Noticed Duvessa
  3122 | D:5      | Noticed Dowan
  3132 | D:6      | Killed an ice beast
  3165 | D:6      | Noticed a vampire mosquito
  3192 | D:6      | Reached XP level 7. HP: 47/63 MP: 6/6
  3196 | D:6      | Killed a vampire mosquito
  3470 | D:6      | Found Raqisk's Weapon Boutique.
  3593 | D:6      | Reached skill level 5 in Dodging
  3598 | D:6      | Noticed Sigmund
  3612 | D:6      | Killed Sigmund
  3613 | D:6      | Reached XP level 8. HP: 70/71 MP: 7/7
  3663 | D:6      | Found a shimmering blue altar of Sif Muna.
  3702 | D:5      | Reached skill level 5 in Armour
  3705 | D:5      | Identified the +0 hat of the Moon {SInv}
  3949 | D:4      | Found Makhew's Book Shoppe.
  3955 | D:4      | Found a transporter.
  3956 | D:4      | Noticed MiltankisOP's ghost (amateur MfMo)
  4088 | D:4      | Found a transporter.
  4891 | D:5      | Noticed Blork the orc
  4899 | D:5      | Killed Blork the orc
  5046 | D:5      | Killed Duvessa
  5047 | D:5      | Reached skill level 1 in Crossbows
  5056 | D:5      | Killed Dowan
  6437 | D:7      | Noticed Joseph
  6712 | D:7      | Killed Joseph
  6713 | D:7      | Reached skill level 1 in Polearms
  6713 | D:7      | Reached XP level 9. HP: 31/79 MP: 8/8
  7061 | D:7      | Found Debuu's Magic Scroll Boutique.
  7160 | D:7      | Found a staircase to the Ecumenical Temple.
  7181 | D:7      | Noticed Pikel
  7202 | D:7      | Killed Pikel
  7203 | D:7      | Reached skill level 5 in Crossbows
  7296 | Temple   | Entered the Ecumenical Temple
  7691 | D:7      | Found a large runed translucent door.
  7691 | D:7      | Found a large runed translucent door.
  7693 | D:7      | Found a corrupted altar of Lugonu.
  7826 | D:7      | Found a one-way gate to the infinite horrors of the Abyss.
  7936 | D:7      | Mangled by a kobold brigand

Illustrated notes

Levels and vault maps discovered:
D:1:      onia_arrival_pentagram, layout_basic, serial_shops, shop
D:2:      layout_rooms, uniq_natasha, uniq_crazy_yiuf_cottage
D:3:      layout_loops_ring, nicolae_overflow_crystal_walls, st_stairs_7,
          uniq_pargi
D:4:      layout_gridville, gammafunk_ghost_arena, serial_shops,
          nicolae_shop_hallway_plus
D:5:      corexii_shack_village, layout_gridville, uniq_duvessa,
          uniq_blork_the_orc
D:6:      layout_layer_cave, mainiacjoe_overflow_six_doors_small, serial_shops,
          nicolae_shop_statue_plus, mumra_transporter_accident,
          minmay_fractal_squares_diagonal_5, uniq_sigmund
D:7:      due_chaos_kobolds, layout_basic, minmay_temple_entry_slanted,
          serial_shops, kennysheep_mini, uniq_pikel, uniq_joseph
Temple:   regret_index_temple_generic_petals

Skill      XL: |  1  2  3  4  5  6  7  8  9 |
---------------+----------------------------+-----
Axes           | 4 5 6 7 8 |  8.2
Fighting       | 4 5 6 7 |  7.8
Dodging        | 4 5 |  5.5
Armour         | 1 2 3 4 7 8 |  8.3
Stealth        | 2 |  2.6
Crossbows      | 3 6 |  6.4
Polearms       | 1 |  1.5
Throwing       | |  0.6

Action                   |  1- 3 |  4- 6 |  7- 9 || total
-------------------------+-------+-------+-------++-------
Melee: Hand axe          |    29 |   109 |    65 ||   203
       Headbutt          |     6 |    17 |    14 ||    37
       Punch             |       |     3 |     1 ||     4
       Trident           |       |       |    38 ||    38
 Fire: Hand crossbow     |       |       |    69 ||    69
       Arbalest          |       |       |    16 ||    16
Throw: Stone             |       |     1 |     6 ||     7
  Use: Scroll            |       |       |     4 ||     4
 Stab: Sleeping          |     1 |       |       ||     1
Armor: Scale mail        |    13 |    51 |     5 ||    69
       Chain mail        |       |       |    46 ||    46
       Plate armour      |       |       |    26 ||    26
Dodge: Dodged            |    18 |    86 |    97 ||   201
